[Event "January 9 Late 2024"]
[Site "https://www.chess.com"]
[Date "2024.01.09"]
[Round "1"]
[White "Martinez Pla, Xavier"]
[Black "Kadric, Denis"]
[Result "1/2-1/2"]
[Board "69"]
[TimeControl "180+1"]
[WhiteFideId "32074271"]
[BlackFideId "14403803"]
[WhiteElo "2479"]
[BlackElo "2881"]
[WhiteTeam "ESP"]
[BlackTeam "MNE"]
[WhiteClock "0:00:12"]
[BlackClock "0:00:08"]

1. e4 d6 2. d4 Nf6 3. Nc3 Nbd7 4. Nge2 e5 5. h3 h5 6. Be3 c6 7. a4 Be7 8. Qd2 Qc7 9. a5 O-O 10. f4 Re8 11. f5 exd4 12. Nxd4 Bf8 13. O-O-O Qxa5 14. Kb1 d5 15. g4 Bb4 16. Nb3 Bxc3 17. bxc3 Qa4 18. Bg2 Ne5 19. gxh5 Nc4 20. Qc1 Nxe4 21. Bxe4 Rxe4 22. Bd4 Na3+ 23. Kb2 Nb5 24. Kb1 Nxd4 25. cxd4 Bxf5 26. Rhg1 Re2 27. Rxg7+ Kxg7 28. Qg5+ Kf8 29. Qxf5 Qb4 30. h6 Re1 31. Rxe1 Qxe1+ 32. Kb2 Qh4 33. Nc5 Qxd4+ 34. c3 Qxc5 35. h7 Ke7 36. Qe5+ Kd7 37. h8=Q Rxh8 38. Qxh8 Qf2+ 39. Kb3 Qf1 40. h4 Ke7 41. h5 Qf6 42. Qh7 c5 43. h6 c4+ 44. Kb2 b5 45. Qg7 Qf2+ 46. Kb1 Qe1+ 47. Kb2 Qd2+ 48. Kb1 Qd1+ 49. Kb2 Qd2+ 50. Kb1 Qe1+ 51. Kb2 Qd2+ 1/2-1/2

[Event "January 9 Late 2024"]
[Site "https://www.chess.com"]
[Date "2024.01.09"]
[Round "1"]
[White "Kozak, Adam"]
[Black "Gutierrez Olivares, Daniel"]
[Result "1-0"]
[Board "70"]
[TimeControl "180+1"]
[WhiteFideId "753246"]
[BlackFideId "2264005"]
[WhiteElo "2877"]
[BlackElo "2477"]
[WhiteTeam "HUN"]
[BlackTeam "ESP"]
[WhiteClock "0:00:41"]
[BlackClock "0:00:00"]

1. e4 e6 2. d4 d5 3. Nc3 Bb4 4. e5 Ne7 5. a3 Ba5 6. Bd2 Nf5 7. Nce2 Bb6 8. Bc3 c5 9. dxc5 Bxc5 10. Qd2 Qh4 11. g3 Qe4 12. f3 Qe3 13. Qxe3 Nxe3 14. Rc1 Nc6 15. f4 Ng4 16. Bh3 Nf2 17. Bg2 Nxh1 18. Bxh1 b6 19. Nf3 Ba6 20. Bg2 Rc8 21. Ned4 Nxd4 22. Nxd4 g6 23. Bf3 h5 24. Kd2 Kd7 25. Bg2 Kc7 26. b4 Be7 27. Bb2 Kd7 28. Bh3 Rc4 29. Bf1 Rxd4+ 30. Bxd4 Bxf1 31. Rxf1 h4 32. g4 h3 33. g5 Kc6 34. a4 Bxb4+ 35. c3 Bc5 36. Kd3 Rh4 37. Rf3 Ba3 38. Bf2 Rg4 39. Bg3 Bc1 40. c4 Kc5 41. Bf2+ Kc6 42. Bg3 a6 43. Kd4 Bb2+ 44. Kd3 Bc1 45. Rf2 dxc4+ 46. Kxc4 Be3 47. Rf3 Bg1 48. Rf1 Bc5 49. Rb1 Be3 50. Rf1 Bc5 51. Rf3 Be7 52. Kd4 Bxg5 53. Rc3+ Kd7 54. Ke4 1-0

[Event "January 9 Late 2024"]
[Site "https://www.chess.com"]
[Date "2024.01.09"]
[Round "1"]
[White "Grochal, Joey"]
[Black "Pakleza, Zbigniew"]
[Result "0-1"]
[Board "71"]
[TimeControl "180+1"]
[WhiteFideId "1019945"]
[BlackFideId "1119290"]
[WhiteElo "2475"]
[BlackElo "2871"]
[WhiteTeam "NED"]
[BlackTeam "POL"]
[WhiteClock "0:00:14"]
[BlackClock "0:00:07"]

1. e4 d6 2. d4 Nf6 3. Nc3 c6 4. a4 a5 5. h3 Nbd7 6. Be3 e5 7. Nf3 Be7 8. g4 O-O 9. Bg2 Re8 10. dxe5 dxe5 11. Nd2 g6 12. Nc4 Qc7 13. Bh6 Nb6 14. Ne3 Be6 15. O-O Nc4 16. Nxc4 Bxc4 17. Re1 Qb6 18. Qc1 Bc5 19. Be3 Nd7 20. b3 Be6 21. Bxc5 Qxc5 22. Qe3 Red8 23. Rad1 Qxe3 24. Rxe3 Nc5 25. Ree1 Kf8 26. Kf1 Ke7 27. Ke2 g5 28. Ke3 f6 29. Ne2 Na6 30. Rb1 Nb4 31. Rec1 Rd7 32. Ng3 Rad8 33. c3 Rd2 34. Bf1 Nc2+ 35. Rxc2 Rxc2 36. c4 Rc3+ 37. Ke2 Rc2+ 38. Ke1 Ra2 39. Be2 Kd6 40. Rd1+ Kc7 41. Rc1 Rb2 42. Bd1 Rd4 43. Bc2 Kb6 44. Ne2 Rd7 45. Ng1 Kc5 46. Nf3 Kb4 47. Nd2 Ra2 48. Bb1 Rb2 49. Bc2 Bf7 50. Nf1 Bg6 51. Ne3 Ra2 52. f3 Ka3 53. Nd1 Kb4 54. Ne3 b6 55. Nd1 h5 56. Ne3 hxg4 57. hxg4 Rh7 58. Kf2 Rh2+ 59. Ng2 Bf7 60. Kg3 Rh8 61. Ne3 Rd8 62. Rh1 Rd2 63. Rh7 Be6 64. Bd1 Rd3 65. Re7 Rxe3 66. Rxe6 Re1 67. Rxc6 Rg1+ 68. Kh3 Rh1+ 69. Kg3 Rg1+ 70. Kh3 Rxd1 71. Rxb6+ Kc3 72. c5 Rdd2 73. f4 exf4 0-1

[Event "January 9 Late 2024"]
[Site "https://www.chess.com"]
[Date "2024.01.09"]
[Round "1"]
[White "Bernadskiy, Vitaliy"]
[Black "Peczely, Sebastian Zsombor"]
[Result "1-0"]
[Board "72"]
[TimeControl "180+1"]
[WhiteFideId "14100371"]
[BlackFideId "750964"]
[WhiteElo "2866"]
[BlackElo "2474"]
[WhiteTeam "UKR"]
[BlackTeam "HUN"]
[WhiteClock "0:02:20"]
[BlackClock "0:00:24"]

1. e4 c5 2. a4 e6 3. Nc3 d5 4. Bb5+ Nc6 5. Nf3 dxe4 6. Nxe4 Nf6 7. Nxf6+ Qxf6 8. O-O Bd7 9. d3 h6 10. Nd2 a6 11. Ne4 Qd8 12. Bc4 Be7 13. Qg4 g5 14. Qd1 Ne5 15. Bb3 Bc6 16. Qe2 Ng6 17. Qh5 Bxe4 18. dxe4 e5 19. Rd1 Qc7 20. Bd5 Bf6 21. Ra3 Bg7 22. Rad3 O-O 23. Qxg6 c4 24. Rh3 Rad8 25. Rxh6 1-0

[Event "January 9 Late 2024"]
[Site "https://www.chess.com"]
[Date "2024.01.09"]
[Round "1"]
[White "Ladan, Nicholas"]
[Black "Durarbayli, Vasif"]
[Result "0-1"]
[Board "73"]
[TimeControl "180+1"]
[WhiteFideId "30918855"]
[BlackFideId "13402935"]
[WhiteElo "2473"]
[BlackElo "2859"]
[WhiteTeam "USA"]
[BlackTeam "AZE"]
[WhiteClock "0:00:00"]
[BlackClock "0:00:08"]

1. Nf3 c5 2. g3 Nc6 3. Bg2 g6 4. O-O Bg7 5. c4 e6 6. Nc3 Nge7 7. a3 O-O 8. b4 b6 9. Qb3 Rb8 10. Bb2 Bb7 11. e3 d5 12. Rfd1 d4 13. exd4 Nxd4 14. Nxd4 Bxg2 15. Nxe6 fxe6 16. Kxg2 Qd3 17. Rf1 Qf3+ 18. Kg1 Bd4 19. Qd1 Bxf2+ 20. Rxf2 Qxf2+ 21. Kh1 Qf3+ 22. Qxf3 Rxf3 23. Ne4 Rbf8 24. Kg2 Nc6 25. Bc3 R3f5 26. Re1 Nd4 27. Bxd4 cxd4 28. Kh3 Kg7 29. Nd6 Rf2 30. d3 R8f3 31. Rxe6 Rxd3 32. Re7+ Kg8 33. c5 bxc5 34. bxc5 Rc3 35. Ne4 Rf7 36. Re8+ Rf8 37. Re7 Rf7 38. Re8+ Rf8 39. Re7 Rxa3 40. c6 Ra6 41. c7 Rc6 42. Rd7 d3 43. Nd6 d2 44. c8=Q Rcxc8 45. Nxc8 Rxc8 46. Rxd2 a5 47. Ra2 Ra8 48. Ra4 Kf7 49. Kh4 Ke6 50. Kg5 Kd5 51. Kh6 Ra7 52. g4 Kc5 53. h4 Kb5 54. Ra1 a4 55. h5 gxh5 56. Kxh5 a3 57. g5 Ra6 58. Kh4 Kb4 59. Kh5 Kb3 60. Rb1+ Kc2 61. Rg1 a2 62. Rg2+ Kb3 63. Rg3+ Kb4 64. Rg4+ Kb5 65. Rg1 a1=Q 66. Rxa1 Rxa1 67. Kh6 Ra7 0-1

[Event "January 9 Late 2024"]
[Site "https://www.chess.com"]
[Date "2024.01.09"]
[Round "1"]
[White "Chan, Yi Ren Daniel"]
[Black "Silva Lucena, Cristian"]
[Result "1-0"]
[Board "74"]
[TimeControl "180+1"]
[WhiteFideId "5801583"]
[BlackFideId "2232588"]
[WhiteElo "2853"]
[BlackElo "2473"]
[WhiteTeam "SGP"]
[BlackTeam "ESP"]
[WhiteClock "0:00:55"]
[BlackClock "0:00:01"]

1. e4 e5 2. Nf3 Nc6 3. Bc4 Bc5 4. c3 Nf6 5. d3 d6 6. Bg5 h6 7. Bh4 g5 8. Bg3 a6 9. a4 Ba7 10. Nbd2 Qe7 11. h4 g4 12. Nh2 h5 13. Nhf1 Be6 14. Ne3 O-O-O 15. Nd5 Bxd5 16. exd5 Nb8 17. Ne4 Nfd7 18. f3 f5 19. Ng5 f4 20. Bf2 Bxf2+ 21. Kxf2 gxf3 22. gxf3 Nf8 23. Qe2 Nbd7 24. Rag1 Kb8 25. a5 Nf6 26. b4 Rc8 27. Rb1 c6 28. dxc6 Rxc6 29. b5 axb5 30. Rxb5 Ka7 31. Rhb1 Rc7 32. a6 bxa6 33. Rb6 Ka8 34. Rxa6+ Ra7 35. Qa2 Rxa6 36. Bxa6 Qa7+ 37. Kg2 Rg8 38. Bb7+ Kb8 39. Bd5+ Kc7 40. Qxa7+ 1-0

[Event "January 9 Late 2024"]
[Site "https://www.chess.com"]
[Date "2024.01.09"]
[Round "1"]
[White "Fiedorek, Michal"]
[Black "Brodsky, David"]
[Result "0-1"]
[Board "75"]
[TimeControl "180+1"]
[WhiteFideId "1199528"]
[BlackFideId "2073250"]
[WhiteElo "2472"]
[BlackElo "2852"]
[WhiteTeam "POL"]
[BlackTeam "USA"]
[WhiteClock "0:00:00"]
[BlackClock "0:00:16"]

1. e4 c5 2. Nf3 d6 3. d4 cxd4 4. Nxd4 Nf6 5. Nc3 a6 6. Be3 e5 7. Nb3 Be7 8. f3 Be6 9. Qd2 O-O 10. O-O-O Nbd7 11. g4 b5 12. g5 Nh5 13. Nd5 Bxd5 14. exd5 f6 15. gxf6 Bxf6 16. Bd3 Nf4 17. Bxf4 exf4 18. Kb1 Kh8 19. h4 Qb6 20. h5 a5 21. Nc1 b4 22. Ne2 Be5 23. Rh4 Qf2 24. Rdh1 Qxf3 25. Ng1 Qxd5 26. h6 g5 27. Rh5 Nf6 28. R5h2 Ng4 29. Rh5 Qd4 30. Qc1 Nf2 31. R1h2 Nxd3 32. cxd3 Rac8 33. Qd1 g4 0-1

[Event "January 9 Late 2024"]
[Site "https://www.chess.com"]
[Date "2024.01.09"]
[Round "1"]
[White "Beerdsen, Thomas"]
[Black "Lopusiewicz, Piotr"]
[Result "0-1"]
[Board "76"]
[TimeControl "180+1"]
[WhiteFideId "1030108"]
[BlackFideId "1116029"]
[WhiteElo "2851"]
[BlackElo "2472"]
[WhiteTeam "NED"]
[BlackTeam "POL"]
[WhiteClock "0:02:09"]
[BlackClock "0:00:20"]

1. e4 e5 2. Nc3 Nc6 3. Bc4 Nf6 4. d3 Na5 5. Nge2 Bc5 6. O-O Nxc4 7. dxc4 d6 8. Kh1 Be6 9. b3 Nd7 10. f4 exf4 11. Nxf4 O-O 12. Bb2 Qh4 13. Ncd5 c6 14. Nc7 Bg4 15. Qd2 Rac8 16. b4 Bb6 17. Ncd5 cxd5 18. Nxd5 Rxc4 19. Rf4 Qg5 20. Raf1 Be6 21. Nxb6 axb6 22. h3 Ne5 23. Qxd6 Ng6 24. R4f2 h5 25. a3 Rfc8 26. Qd3 h4 27. Bc1 Qe5 28. Qe3 Rxc2 29. a4 Qg3 30. Rxc2 Rxc2 31. Qxg3 hxg3 32. Be3 Nh4 33. Rf4 g5 34. Rf1 Bc4 35. Rd1 Be2 36. Rc1 Rxc1+ 37. Bxc1 f6 38. Bxg5 fxg5 39. a5 Ng6 40. Kg1 Ba6 41. axb6 Bb5 42. Kh1 Ne5 43. Kg1 Kf7 44. h4 gxh4 45. Kh1 Ke6 46. Kg1 Kd6 47. Kh1 Kc6 48. Kg1 Kxb6 49. Kh1 Kc6 50. Kg1 Kd6 51. Kh1 Ke6 52. Kg1 Nc6 53. Kh1 Ke5 54. Kg1 Kxe4 55. Kh1 Ke3 56. Kg1 Kd4 57. Kh1 Kc4 58. Kg1 Kxb4 59. Kh1 Kc3 60. Kg1 Kd3 61. Kh1 Ke3 62. Kg1 Ke2 63. Kh1 Ne5 64. Kg1 Bc4 65. Kh1 b5 66. Kg1 b4 67. Kh1 b3 68. Kg1 b2 69. Kh1 b1=Q# 0-1

[Event "January 9 Late 2024"]
[Site "https://www.chess.com"]
[Date "2024.01.09"]
[Round "1"]
[White "Nikologorsky, Matfei"]
[Black "Lobanov, Sergei"]
[Result "0-1"]
[Board "77"]
[TimeControl "180+1"]
[WhiteFideId "24102474"]
[BlackFideId "24183750"]
[WhiteElo "2472"]
[BlackElo "2850"]
[WhiteTeam "FID"]
[BlackTeam "FID"]
[WhiteClock "0:00:00"]
[BlackClock "0:00:44"]

1. e4 e5 2. Nf3 Nc6 3. Bb5 a6 4. Ba4 Nf6 5. O-O b5 6. Bb3 Bc5 7. d3 d6 8. a4 Rb8 9. Nbd2 h6 10. c3 O-O 11. h3 b4 12. a5 Be6 13. Nc4 bxc3 14. bxc3 Ba7 15. Be3 Re8 16. Ra3 Bxe3 17. fxe3 Nd7 18. Ncd2 Bxb3 19. Nxb3 Rb5 20. Qa1 Qb8 21. Nbd2 Nc5 22. Ne1 Re6 23. Qd1 Rg6 24. Qh5 Rb2 25. Rf2 Qa7 26. Nc4 Rxf2 27. Kxf2 Nxe4+ 28. dxe4 Qc5 29. Rb3 Qxc4 30. Rb7 Nxa5 31. Rb8+ Kh7 32. Qf5 Nc6 33. Nf3 Qa2+ 0-1

[Event "January 9 Late 2024"]
[Site "https://www.chess.com"]
[Date "2024.01.09"]
[Round "1"]
[White "Maksimovic, Bojan"]
[Black "Bellissimo, Joseph F."]
[Result "1-0"]
[Board "78"]
[TimeControl "180+1"]
[WhiteFideId "14408120"]
[BlackFideId "2609843"]
[WhiteElo "2848"]
[BlackElo "2471"]
[WhiteTeam "BIH"]
[BlackTeam "CAN"]
[WhiteClock "0:01:24"]
[BlackClock "0:00:23"]

1. a3 e5 2. e3 d5 3. d4 e4 4. c4 c6 5. Bd2 f5 6. cxd5 cxd5 7. Nh3 Bd6 8. Bb4 Nf6 9. Nc3 O-O 10. Qb3 Be6 11. Nf4 Bf7 12. Bxd6 Qxd6 13. Qxb7 Nc6 14. Nb5 Qd7 15. Qxd7 Nxd7 16. Rc1 Ne7 17. h4 Rfc8 18. Rxc8+ Rxc8 19. Kd2 Rb8 20. Kc2 Nf6 21. Be2 Rb6 22. Nc3 Be8 23. b4 h6 24. h5 Kh7 25. Kb3 a5 26. b5 Rb8 27. Rc1 Ng4 28. Bxg4 fxg4 29. g3 Bxb5 30. Nxb5 Rxb5+ 31. Ka2 a4 32. Rc7 Ng8 33. Ne6 Rb3 34. Rxg7+ Kh8 35. Rxg4 Rd3 36. Rf4 Rd2+ 37. Kb1 Ne7 38. Rf8+ Ng8 39. Rf7 Re2 40. Nf4 Rxf2 41. Ng6# 1-0

[Event "January 9 Late 2024"]
[Site "https://www.chess.com"]
[Date "2024.01.09"]
[Round "1"]
[White "Shohat, Yotam"]
[Black "Klukin, Kirill"]
[Result "0-1"]
[Board "79"]
[TimeControl "180+1"]
[WhiteFideId "2813955"]
[BlackFideId "24199273"]
[WhiteElo "2471"]
[BlackElo "2845"]
[WhiteTeam "ISR"]
[BlackTeam "RUS"]
[WhiteClock "0:00:31"]
[BlackClock "0:00:47"]

1. e4 d6 2. d4 f5 3. Nc3 Nf6 4. Bd3 Nc6 5. Nge2 e5 6. d5 Ne7 7. Bg5 fxe4 8. Bxe4 Nxe4 9. Nxe4 Bf5 10. N2g3 Qd7 11. Qf3 Bg6 12. h4 Nxd5 13. O-O-O Bf7 14. Nf5 Be6 15. g4 h6 16. Bxh6 gxh6 17. Rxd5 O-O-O 18. Ra5 Kb8 19. Rd1 Qc6 20. Qe3 b6 21. Ra3 h5 22. Rc3 Qb7 23. f3 hxg4 24. fxg4 d5 25. Ng5 Bxf5 26. Qxe5 Bb4 27. Rb3 Bxg4 28. Rg1 Bd6 29. Qf6 Bh5 30. Ne6 Rde8 31. Rg7 d4 32. Rh3 Qd5 33. Qxd4 Qxe6 34. Rd3 Qe1+ 0-1

[Event "January 9 Late 2024"]
[Site "https://www.chess.com"]
[Date "2024.01.09"]
[Round "1"]
[White "Bryakin, Mikhail"]
[Black "Spichkin, Alexander"]
[Result "1-0"]
[Board "80"]
[TimeControl "180+1"]
[WhiteFideId "4165314"]
[BlackFideId "4144074"]
[WhiteElo "2842"]
[BlackElo "2470"]
[WhiteTeam "SRB"]
[BlackTeam "RUS"]
[WhiteClock "0:00:20"]
[BlackClock "0:01:24"]

1. e4 e5 2. d4 exd4 3. Qxd4 Nc6 4. Qd3 Qe7 5. Nc3 Nf6 6. Bg5 Nb4 7. Qe2 d5 8. e5 h6 9. Bh4 g5 10. Bg3 d4 11. Nb5 Qc5 12. exf6+ Be6 13. Nxc7+ Kd7 14. Nxe6 fxe6 15. Qb5+ Kd8 16. Qxc5 Bxc5 17. O-O-O Rf8 18. c3 Nc6 19. cxd4 Bb6 20. Be5 Ke8 21. Bb5 Kf7 22. Bxc6 Rac8 23. Nf3 Rxc6+ 24. Kb1 Kg6 25. g4 h5 26. h3 Rfc8 27. Rc1 Ba5 28. Rxc6 bxc6 29. gxh5+ Kxh5 30. Rg1 Rg8 31. Kc2 Bd8 32. Kd3 Bb6 33. Ke4 c5 34. f7 Rf8 35. Rxg5+ Kh6 36. Bg7+ Kh7 37. Bxf8 cxd4 38. Rg7+ Kh8 39. Nh4 Bc5 40. Ng6# 1-0

[Event "January 9 Late 2024"]
[Site "https://www.chess.com"]
[Date "2024.01.09"]
[Round "1"]
[White "Suich, Peter D"]
[Black "Schroeder, Jan-Christian"]
[Result "0-1"]
[Board "81"]
[TimeControl "180+1"]
[WhiteFideId "2050366"]
[BlackFideId "24662259"]
[WhiteElo "2470"]
[BlackElo "2840"]
[WhiteTeam "USA"]
[BlackTeam "GER"]
[WhiteClock "0:00:11"]
[BlackClock "0:00:10"]

1. d4 Nf6 2. c4 g6 3. g3 Bg7 4. Bg2 O-O 5. Nc3 d6 6. Nf3 Bf5 7. O-O Qc8 8. Re1 Bh3 9. Bh1 h6 10. e4 Nc6 11. Nd5 Kh7 12. Nxf6+ Bxf6 13. e5 Bg7 14. Bf4 Bg4 15. Qd3 Rd8 16. e6 Bxe6 17. d5 Bf5 18. Qd2 Ne5 19. Nxe5 dxe5 20. Bxe5 Bxe5 21. Rxe5 e6 22. Rae1 c6 23. Qf4 cxd5 24. cxd5 exd5 25. Bxd5 Qd7 26. Bb3 Re8 27. h4 h5 28. R1e3 Kg7 29. Kh2 Rad8 30. Qc4 b6 31. Ba4 Rxe5 32. Bxd7 Rxe3 33. Qd4+ Kh7 34. Qxe3 Rxd7 35. a4 Be6 36. b4 Rc7 37. a5 bxa5 38. bxa5 Rd7 39. Qc5 Kg8 40. Kg2 Kh7 41. Kf3 Kg8 42. Kf4 Kg7 43. f3 Kh7 44. g4 hxg4 45. fxg4 Kg7 46. h5 gxh5 47. Qg5+ Kf8 48. Qh6+ Ke7 49. Qxh5 Rd4+ 50. Ke3 Rd5 51. Qh4+ Kd7 52. Qe1 Kc6 53. Qb4 Rb5 54. Qe4+ Kc7 55. Qf4+ Kc6 56. Qe4+ Kc7 57. Qa4 a6 58. Qf4+ Kc6 59. Qe4+ Kc7 60. Qf4+ Kc6 61. Qe4+ Bd5 62. Qe8+ Kc5 63. Qc8+ Kb4 64. Qd7 Rxa5 65. Qd6+ Ka4 66. Qd7+ Rb5 67. Qe8 a5 68. Qd7 Kb4 69. Kd4 Be6 70. Qd6+ Kb3 71. Qg3+ Ka4 72. Qe1 Rb4+ 73. Kc5 Rc4+ 74. Kd6 Rxg4 75. Qd1+ Kb4 76. Qd2+ Kb5 77. Qd3+ Rc4 78. Qb1+ Ka6 79. Qd3 a4 80. Qf3 Ka5 81. Qa8+ Kb4 82. Qb7+ Kc3 83. Qa6 Kb3 84. Qb5+ Kc2 85. Qa5 Kd3 86. Qa6 Kc3 87. Qa5+ Kb3 88. Qb5+ Ka2 89. Qa6 a3 90. Qa5 Rd4+ 91. Ke7 Kb3 92. Qb6+ Kc4 93. Qa6+ Kb4 94. Qb6+ Kc4 95. Qa6+ Kd5 96. Qxa3 Rc4 97. Qd6+ Ke4 98. Kf6 Kf3 99. Qe5 Rf4+ 100. Ke7 Rf5 101. Qc3+ Kg4 102. Qb4+ Rf4 103. Qd6 Re4 104. Qd8 Bf5+ 105. Kf8 Bg6 106. Qf6 Rf4 107. Kg7 Rxf6 108. Kxf6 Kf4 0-1

[Event "January 9 Late 2024"]
[Site "https://www.chess.com"]
[Date "2024.01.09"]
[Round "1"]
[White "Seemann, Jakub"]
[Black "Gavrilov, Maxim"]
[Result "1-0"]
[Board "82"]
[TimeControl "180+1"]
[WhiteFideId "21874697"]
[BlackFideId "24271454"]
[WhiteElo "2840"]
[BlackElo "2469"]
[WhiteTeam "POL"]
[BlackTeam "RUS"]
[WhiteClock "0:00:25"]
[BlackClock "0:00:13"]

1. b3 Nf6 2. Bb2 d5 3. Nf3 e6 4. e3 c5 5. Bb5+ Nbd7 6. O-O Bd6 7. c4 O-O 8. cxd5 Nxd5 9. d4 a6 10. Be2 N7f6 11. dxc5 Bxc5 12. Nc3 Nxc3 13. Bxc3 Bd7 14. Ne5 Bb5 15. Bxb5 axb5 16. Qe2 b4 17. Bb2 Qe7 18. Rfc1 Rfc8 19. Rc4 b6 20. Qf3 Nd5 21. Nd3 Bd6 22. Qe4 b5 23. Rxc8+ Rxc8 24. Qd4 f6 25. Rc1 Rxc1+ 26. Nxc1 Bc5 27. Qd3 Nc7 28. Ne2 e5 29. h3 Qd6 30. Qc2 g6 31. Ng3 f5 32. Ne2 Kf7 33. g4 Ke6 34. gxf5+ gxf5 35. Ng3 Nd5 36. Qxf5+ Ke7 37. Bxe5 Qe6 38. Qxh7+ Qf7 39. Qe4 Qe6 40. Nf5+ Kd7 41. Nd4 Qg8+ 42. Bg3 Bxd4 43. Qxd4 Kc6 44. Qe5 Qd8 45. Qe6+ Kb7 46. h4 Nc3 47. h5 Ne2+ 48. Kg2 Nxg3 49. Kxg3 Qg5+ 50. Qg4 Qe5+ 51. Kf3 Qf6+ 52. Kg2 Kc7 53. Qf4+ Qxf4 54. exf4 Kd6 55. h6 Ke6 56. h7 Kf5 57. h8=Q Kxf4 58. Qd4+ Kf5 59. Qxb4 Ke5 60. Kf3 Ke6 61. Qxb5 Kd6 62. Ke4 1-0

[Event "January 9 Late 2024"]
[Site "https://www.chess.com"]
[Date "2024.01.09"]
[Round "1"]
[White "Reprintsev, Alexander"]
[Black "Pichot, Alan"]
[Result "0-1"]
[Board "83"]
[TimeControl "180+1"]
[WhiteFideId "14100541"]
[BlackFideId "110973"]
[WhiteElo "2466"]
[BlackElo "2840"]
[WhiteTeam "UKR"]
[BlackTeam "ESP"]
[WhiteClock "0:01:06"]
[BlackClock "0:00:18"]

1. e4 c5 2. b3 d6 3. Bb2 Nf6 4. Bxf6 gxf6 5. Qh5 e6 6. f4 Nc6 7. Nf3 a6 8. f5 exf5 9. Bc4 Qd7 10. exf5 d5 11. Bd3 b5 12. c3 Bb7 13. O-O O-O-O 14. a4 b4 15. a5 Bd6 16. g3 Rhg8 17. Qh3 Ne5 18. Nxe5 Bxe5 19. Rf2 h5 20. Qf1 c4 21. Be2 d4 22. Bf3 Bxf3 23. Rxf3 dxc3 24. Qxc4+ Qc7 25. Qxc7+ Kxc7 26. dxc3 Rd1+ 27. Rf1 Rgd8 28. Ra4 Rxf1+ 29. Kxf1 Rd1+ 30. Ke2 Rxb1 31. Rxb4 Rb2+ 32. Kf3 Rxh2 33. c4 Rh3 34. Rb6 Rxg3+ 35. Ke4 h4 36. Rxa6 Rxb3 37. Ra7+ Rb7 38. Ra8 h3 39. Rh8 h2 40. a6 Ra7 0-1

[Event "January 9 Late 2024"]
[Site "https://www.chess.com"]
[Date "2024.01.09"]
[Round "1"]
[White "Remizov, Yaroslav"]
[Black "Balla, Tamas-Kristof"]
[Result "1-0"]
[Board "84"]
[TimeControl "180+1"]
[WhiteFideId "34134015"]
[BlackFideId "1208497"]
[WhiteElo "2835"]
[BlackElo "2465"]
[WhiteTeam "RUS"]
[BlackTeam "ROU"]
[WhiteClock "0:00:26"]
[BlackClock "0:00:02"]

1. d4 d5 2. c4 e6 3. Nc3 c5 4. cxd5 exd5 5. Nf3 Nc6 6. g3 Nf6 7. Bg2 cxd4 8. Nxd4 Bc5 9. Nb3 Bb6 10. O-O d4 11. Na4 O-O 12. Nbc5 Re8 13. Re1 Qe7 14. Nxb6 axb6 15. Nb3 Bg4 16. Nxd4 Nxd4 17. Qxd4 Rad8 18. Qxb6 Bxe2 19. Bg5 Rd6 20. Qb4 Re6 21. Qxe7 R8xe7 22. Rac1 h6 23. Bxf6 Rxf6 24. Rc2 Rfe6 25. Bxb7 Bd3 26. Rxe6 Rxe6 27. Rd2 Re1+ 28. Kg2 Bf1+ 29. Kf3 Bc4 30. b3 Be6 31. Bd5 Bf5 32. Bc4 g5 33. Kg2 g4 34. f3 h5 35. a4 Kg7 36. a5 Re3 37. fxg4 hxg4 38. a6 Be4+ 39. Kf2 Rf3+ 40. Ke1 Rc3 41. Ra2 Rc1+ 42. Kd2 Rh1 43. Ke3 Bf3 44. a7 Re1+ 45. Kd4 Re8 46. b4 Rd8+ 47. Kc3 Rc8 48. b5 Bd5 49. Ra4 Bb7 50. b6 Kf6 51. Kb4 Ke5 52. Ba6 1-0

[Event "January 9 Late 2024"]
[Site "https://www.chess.com"]
[Date "2024.01.09"]
[Round "1"]
[White "Federzoni, Enzo"]
[Black "Zubritskiy, Artyom"]
[Result "0-1"]
[Board "85"]
[TimeControl "180+1"]
[WhiteFideId "2173301"]
[BlackFideId "4181247"]
[WhiteElo "2465"]
[BlackElo "2835"]
[WhiteTeam "BRA"]
[BlackTeam "FID"]
[WhiteClock "0:00:02"]
[BlackClock "0:00:30"]

1. e4 c5 2. Nf3 d6 3. d4 cxd4 4. Nxd4 Nf6 5. Nc3 a6 6. Bg5 Nbd7 7. Qe2 h6 8. Bh4 e6 9. f4 Qc7 10. O-O-O g5 11. fxg5 hxg5 12. Bxg5 Qc5 13. Be3 Qa5 14. Nb3 Qc7 15. g4 Ne5 16. g5 Nh5 17. Kb1 Bd7 18. Bg2 b5 19. a3 Rc8 20. Bd4 Nf4 21. Qf1 Nfg6 22. Qe1 Rh4 23. Bf2 Rg4 24. Bf1 Rxg5 25. h4 Rh5 26. Be2 Rh8 27. h5 Nf4 28. Bg3 Bh6 29. Bxf4 Bxf4 30. Qf1 Bg5 31. Nd4 Qc5 32. Nb3 Qb6 33. Rg1 Be7 34. h6 Kd8 35. h7 Rxh7 36. Rg8+ Kc7 37. Rxc8+ Kxc8 38. Qg2 Rh8 39. Nd4 Kb8 40. Nf3 Bf6 41. Nxe5 Bxe5 42. Na2 Ka7 43. Bd3 Rc8 44. Qf3 Be8 45. Qe2 a5 46. Qd2 Rb8 47. Rh1 b4 48. axb4 axb4 49. Nc1 Ba4 50. Rh7 Qd4 51. Rxf7+ Ka8 52. c3 bxc3 53. Qe2 c2+ 54. Bxc2 Qxb2# 0-1

[Event "January 9 Late 2024"]
[Site "https://www.chess.com"]
[Date "2024.01.09"]
[Round "1"]
[White "Dourerassou, Jonathan"]
[Black "Ezat, Mohamed"]
[Result "1-0"]
[Board "86"]
[TimeControl "180+1"]
[WhiteFideId "628050"]
[BlackFideId "10600906"]
[WhiteElo "2829"]
[BlackElo "2460"]
[WhiteTeam "FRA"]
[BlackTeam "EGY"]
[WhiteClock "0:00:23"]
[BlackClock "0:00:00"]

1. e4 e5 2. Nf3 Nc6 3. Bb5 Nge7 4. O-O a6 5. Ba4 g6 6. d3 Bg7 7. Bg5 O-O 8. Qc1 d6 9. Bh6 Bg4 10. Bxg7 Kxg7 11. Nbd2 h6 12. h3 Bxf3 13. Nxf3 f5 14. c3 fxe4 15. dxe4 Rxf3 16. gxf3 g5 17. Kh1 Qc8 18. Kh2 Ng6 19. Rg1 Nf4 20. Rg3 Ne7 21. Qe3 Neg6 22. Rag1 Qe6 23. Bb3 Qd7 24. Rg4 Rf8 25. R1g3 Nh5 26. Rg1 Kh7 27. Qd3 Nh4 28. Bd1 Nf4 29. Qe3 h5 30. R4g3 Kh6 31. Be2 Rg8 32. Bf1 Qf7 33. b3 Qf6 34. Bc4 Rg6 35. Qa7 b5 36. Bf1 Ne6 37. Qa8 Kg7 38. Be2 Nf4 39. Bd1 Nd3 40. Qa7 Qe7 41. Bc2 Nf4 42. Qxa6 g4 43. fxg4 hxg4 44. Bd1 Nxh3 45. Rxh3 gxh3 46. Rxg6+ Nxg6 47. Qxb5 Qf7 48. Qe2 Qf4+ 49. Kh1 h2 50. Qf3 Qd2 51. Kxh2 Nf4 52. a4 c5 53. a5 Qa2 54. Qg4+ Kf8 55. Qc8+ Kg7 56. Qd7+ Kf8 57. Qxd6+ Kf7 58. Qd7+ Kf8 59. Qf5+ 1-0

[Event "January 9 Late 2024"]
[Site "https://www.chess.com"]
[Date "2024.01.09"]
[Round "1"]
[White "Toktomushev, Teimur"]
[Black "Rustemov, Alexander"]
[Result "0-1"]
[Board "87"]
[TimeControl "180+1"]
[WhiteFideId "14176726"]
[BlackFideId "4119002"]
[WhiteElo "2459"]
[BlackElo "2826"]
[WhiteTeam "UKR"]
[BlackTeam "RUS"]
[WhiteClock "0:00:00"]
[BlackClock "0:01:18"]

1. d4 d5 2. c4 c6 3. Nc3 Nf6 4. e3 Bg4 5. Qb3 Qb6 6. Qxb6 axb6 7. cxd5 Nxd5 8. Nxd5 cxd5 9. Nf3 Nc6 10. Bb5 Bd7 11. Bd2 e6 12. a4 Bd6 13. Ke2 Ke7 14. Rhc1 Rhc8 15. Ne1 Rc7 16. Nd3 Rac8 17. f4 f6 18. Rc3 h6 19. Rac1 g5 20. fxg5 hxg5 21. h3 f5 22. g4 Rh8 23. gxf5 exf5 24. Nf2 g4 25. hxg4 fxg4 26. b4 g3 27. Nd3 Bg4+ 28. Kf1 Rh1+ 29. Kg2 Rh2+ 30. Kg1 Rxd2 0-1

[Event "January 9 Late 2024"]
[Site "https://www.chess.com"]
[Date "2024.01.09"]
[Round "1"]
[White "Troff, Kayden"]
[Black "Plotnikov, Pavel"]
[Result "1-0"]
[Board "88"]
[TimeControl "180+1"]
[WhiteFideId "2047896"]
[BlackFideId "4170342"]
[WhiteElo "2823"]
[BlackElo "2456"]
[WhiteTeam "USA"]
[BlackTeam "RUS"]
[WhiteClock "0:00:18"]
[BlackClock "0:00:00"]

1. d4 e6 2. Nf3 f5 3. Bg5 Nf6 4. c4 b6 5. Nc3 Bb7 6. a3 h6 7. Bxf6 Qxf6 8. Qd3 g5 9. e4 fxe4 10. Nxe4 Qf5 11. Nfd2 Bg7 12. f3 Nc6 13. d5 Ne5 14. Qb3 g4 15. Be2 gxf3 16. gxf3 exd5 17. cxd5 Ng6 18. Rc1 Bxd5 19. Bc4 Nf4 20. Bxd5 Qxd5 21. Rxc7 Nd3+ 22. Ke2 Qxb3 23. Nxb3 Nf4+ 24. Kf2 Bxb2 25. Rd1 O-O 26. Rdxd7 Rae8 27. Kg3 Be5 28. Rxa7 Ne6+ 29. Kg2 Nf4+ 30. Kf2 Nh3+ 31. Ke3 Bf4+ 32. Ke2 Ng1+ 33. Kf2 Nh3+ 34. Kg2 Ng5 35. Nxg5 Re2+ 36. Kf1 Rb2 37. Rg7+ 1-0